 Dungeon Crawl Stone Soup version 0.23-a0-650-ga4d50d4 (webtiles) character file.

144 Borgoz the Cutter (level 5, -4/30 HPs)
             Began as a Gargoyle Gladiator on Jan 3, 2019.
             Killed by divine providence
             ... invoked by an orc priest
              (16 damage)
             ... on level 3 of the Dungeon.
             The game lasted 00:03:46 (2048 turns).

Borgoz the Cutter (Gargoyle Gladiator)              Turns: 2048, Time: 00:03:46

Health: -4/30      AC:  9    Str: 18    XL:     5   Next: 27%
Magic:  5/5        EV: 13    Int:  8    God:
Gold:   129        SH:  0    Dex: 12    Spells: 4/4 levels left

rFire    . . .     SeeInvis .   a - +0 rapier
rCold    . . .     Gourm    .   (no shield)
rNeg     + . .     Faith    .   b - +0 leather armour
rPois    ∞         Spirit   .   h - +1 helmet
rElec    +         Reflect  .   (no cloak)
rCorr    .         Harm     .   (no gloves)
MR       .....                  (no boots)
Stlth    ++........             (no amulet)
HPRegen  0.10/turn              (no ring)
MPRegen  0.09/turn              (no ring)

@: no status effects
A: negative energy resistance 1, electricity resistance, unbreathing,
petrification resistance, rot immunity, AC +4
a: no special abilities


You were on level 3 of the Dungeon.
You were not hungry.

You visited 1 branch of the dungeon, and saw 3 of its levels.

You collected 129 gold pieces.

Inventory:

Hand Weapons
 a - a +0 rapier (weapon)
Missiles
 d - 4 throwing nets (quivered)
 l - 3 curare-tipped needles
Armour
 b - a +0 leather armour (worn)
 h - a +1 helmet (worn)
 m - a +2 robe of magic resistance
Wands
 g - a wand of scattershot (6)
Scrolls
 i - 2 scrolls of identify {unknown}
 k - 2 scrolls of enchant armour {unknown}
 n - 2 scrolls of fear {unknown}
 o - a scroll of teleportation {unknown}
 p - a scroll of remove curse {unknown}
 q - a scroll of fog {unknown}
 r - a scroll of amnesia {unknown}
Potions
 c - 2 potions of curing
 e - 3 potions of agility {unknown}
 j - a potion of degeneration {unknown}
 s - a potion of might {unknown}
Comestibles
 f - 7 rations
 t - 9 chunks of flesh


   Skills:
 - Level 2.1 Fighting
 + Level 3.7 Short Blades
 - Level 1.7 Throwing
 + Level 3.3 Dodging
 + Level 3.1 Stealth


You had 4 spell levels left.
You didn't know any spells.
Your spell library was empty.

Dungeon Overview and Level Annotations

Branches:
Dungeon (3/15)

Altars:
Uskayaw
Xom
Zin


Innate Abilities, Weirdness & Mutations

You are resistant to torment.
Your stone body is resilient. (AC +4)
You are immune to poison.
You resist negative energy. (rN+)
You are resistant to electric shocks. (rElec)
You can survive without breathing.
You are immune to petrification.
You are immune to rotting.


Message History

The orc is healed somewhat.
The orc barely misses you.
You barely miss the orc.
The orc is lightly wounded.
The orc hits you with a +0 short sword.
You barely miss the orc.
The orc is lightly wounded.
The orc barely misses you.
You hit the orc but do no damage.
The orc is lightly wounded.
The orc barely misses you.
Okay, then.
You hit the orc but do no damage.
The orc is lightly wounded.
The orc hits you but does no damage.
You barely miss the orc.
The orc is lightly wounded.
The orc priest invokes the aid of Beogh against you.
Beogh smites you!
Ouch! That really hurt!
You die...

... ... #.. #.#
# #.# #. #.# #+#
#.##.####.# #.#
#...oo@..(###.#
####.###......##
# #.....).####
#..........#
###.......####
.........##
########.# #.#
#.#


You could see an orc priest and an orc.

Vanquished Creatures
  Ijyb (D:3)
  A worker ant (D:2)
  3 adders (D:2)
  3 dart slugs
  2 leopard geckos (D:2)
  2 orcs (D:3)
  3 bats
  5 giant cockroaches
  7 goblins
  8 hobgoblins
  4 jackals (D:3)
  4 frilled lizards
  10 kobolds
  7 rats
60 creatures vanquished.

Notes
Turn   | Place    | Note
-------+----------+-------------------------------------------
     0 | D:1      | Borgoz the Gargoyle Gladiator began the quest for the Orb.
     0 | D:1      | Reached XP level 1. HP: 12/12 MP: 1/1
   193 | D:1      | Reached skill level 1 in Stealth
   193 | D:1      | Reached XP level 2. HP: 11/17 MP: 2/2
   719 | D:1      | Reached XP level 3. HP: 19/21 MP: 3/3
  1099 | D:2      | Reached XP level 4. HP: 26/26 MP: 4/4
  1356 | D:2      | Found a shimmering altar of Xom.
  1583 | D:3      | Noticed Ijyb
  1675 | D:3      | Killed Ijyb
  1675 | D:3      | Reached XP level 5. HP: 10/30 MP: 5/5
  1980 | D:3      | Found a glowing silver altar of Zin.
  1980 | D:3      | Found a hide-covered altar of Uskayaw.
  2048 | D:3      | Killed from afar by an orc priest

Vault maps used:
D:1:      grunt_arrival_crossed_arrows, minmay_pentomino_v2
D:2:      lemuel_doored_altar, kennysheep_crisscross
D:3:      lemuel_round_altar, gammafunk_temple_overflow_statue, first_ration,
          st_stairs_7, uniq_sigmund, uniq_ijyb, uniq_terence

Skill      XL: |  1  2  3  4 |
---------------+-------------+-----
Stealth        | 1 2 3 |  3.1
Short Blades   | 3 |  3.7
Dodging        | 3 |  3.3
Fighting       | |  2.1
Throwing       | |  1.7

Action                   |  1- 3 |  4- 6 || total
-------------------------+-------+-------++-------
Melee: Rapier            |   109 |   137 ||   246
       Unarmed           |       |    28 ||    28
 Stab: Sleeping          |     1 |     2 ||     3
  Eat: Chunk             |     1 |     3 ||     4
Armor: Leather armour    |    42 |    61 ||   103
Dodge: Dodged            |    70 |   128 ||   198

Table legend:
 A = Non-vault XP
 B = Vault XP
 C = Vault XP percentage of total XP
 D = Non-vault monster count
 E = Vault monster count
 F = Vault count percentage of total count
                 A         B        C        D         E       F
            +---------+---------+-------+---------+---------+-------
      Total |     166 |      41 |  19.8 |      56 |       4 |   6.7
            +---------+---------+-------+---------+---------+-------
        D:1 |      40 |       1 |   2.4 |      21 |       1 |   4.5
        D:2 |     105 |       0 |   0.0 |      23 |       0 |   0.0
        D:3 |      21 |      40 |  65.6 |      12 |       3 |  20.0
            +---------+---------+-------+---------+---------+-------
